 Dungeon Crawl Stone Soup version 0.19.0-2-gae57169 (webtiles) character file.

18505 dvd the Tainter (level 12, -7/67 HPs)
             Began as an Octopode Venom Mage on Nov 6, 2016.
             Was an Elder of Hepliaklqana.
             Mangled by Rupert
             ... wielding a +2 great mace of holy wrath
              (12 damage)
             ... on level 2 of the Orcish Mines.
             The game lasted 01:15:09 (15799 turns).

dvd the Tainter (Octopode Venom Mage)              Turns: 15799, Time: 01:15:10

Health: -7/67      AC:  3    Str:  8      XL:     12   Next: 59%
Magic:  12/26      EV: 15    Int: 26 (27) God:    Hepliaklqana [****..]
Gold:   408        SH:  0    Dex: 12      Spells: 6 memorised, 12 levels left

rFire  + + +     SeeInvis .     a - +5 war axe (elec)
rCold  . . .     Gourm    .     (no shield)
rNeg   . . .     Faith    .     G - +2 hat
rPois  .         Spirit   .     (no amulet)
rElec  +         Reflect  .     o - ring of protection from fire
rCorr  +         Harm     .     E - ring of protection from fire
MR     +....                    F - ring of flight
Stlth  +++++.....               v - ring of resist corrosion
                                k - ring "Vebeu" {rElec MR+ Int+5}
                                (no ring)
                                (no ring)
                                (no ring)

@: repel missiles
A: almost no armour, stealthy swim, amphibious, 8 rings, constrict 8, reduced
essence, camouflage 1, deterioration 1, fire resistance 1, electricity
resistance, gelatinous body 1, no device heal 1
a: Recall Ancestor, Ancestor Identity, Transference, Idealise, Renounce
Religion, Evoke Flight


You were on level 2 of the Orcish Mines.
You worshipped Hepliaklqana.
Hepliaklqana was greatly pleased with you.
You were not hungry.

You visited 3 branches of the dungeon, and saw 14 of its levels.
You visited 1 bazaar.
You also visited: Sewer.

You collected 1338 gold pieces.
You spent 930 gold pieces at shops.

Inventory:

Hand Weapons
 a - a +5 war axe of electrocution (weapon)
 b - a +0 trident of flaming
 i - a +1 flail of holy wrath
 A - a +0 dire flail of protection
Armour
 G - a +2 hat (worn)
Jewellery
 g - an uncursed ring of fire
 k - the ring "Vebeu" (on tentacle) {rElec MR+ Int+5}
   (You bought it in a shop in a bazaar)

   [ring of protection from magic]

   It affects your intelligence (+5).
   It insulates you from electricity.
   It affects your resistance to hostile enchantments.
 o - a ring of protection from fire (left tentacle)
 v - a ring of resist corrosion (on tentacle)
 E - a ring of protection from fire (right tentacle)
 F - a ring of flight (on tentacle)
Wands
 h - a wand of acid (0/15)
 u - a wand of polymorph (17/24)
 x - a wand of slowing (29/48)
 D - a wand of iceblast (8/15)
 H - a wand of disintegration (13/24)
Scrolls
 c - 13 scrolls of identify
 e - a scroll of magic mapping
 l - 6 scrolls of recharging
 m - 5 scrolls of remove curse
 n - 3 scrolls of enchant armour
 s - 2 scrolls of blinking
 w - 2 scrolls of fear
 y - 4 scrolls of teleportation
Potions
 d - 4 potions of heal wounds
 f - 2 potions of curing
 p - 3 potions of flight
 r - 3 potions of lignification
 z - a potion of haste
 M - 2 potions of brilliance
 O - 2 potions of might
Books
 C - a Young Poisoner's Handbook

   Spells                             Type                      Level
   a - Sting                          Conjuration/Poison           1
   b - Mephitic Cloud                 Conjuration/Poison/Air       3
   c - Olgreb's Toxic Radiance        Poison                       4
   d - Alistair's Intoxication        Transmutation/Poison         5
   e - Venom Bolt                     Conjuration/Poison           5
 J - a book of Beasts

   Spells                             Type                      Level
   a - Summon Butterflies             Summoning                    1
   b - Call Canine Familiar           Summoning                    3
   c - Summon Ice Beast               Ice/Summoning                4
   d - Summon Mana Viper              Hexes/Summoning              5
   e - Summon Hydra                   Summoning                    7
 K - a book of Air

   Spells                             Type                      Level
   a - Shock                          Conjuration/Air              1
   b - Swiftness                      Charms/Air                   2
   c - Repel Missiles                 Charms/Air                   2
   d - Static Discharge               Conjuration/Air              3
   e - Lightning Bolt                 Conjuration/Air              5
Comestibles
 j - 6 fruits
 q - 9 chunks of flesh
 t - 4 meat rations
 B - 6 bread rations


   Skills:
 + Level 4.5 Fighting
   Level 0.8 Short Blades
 + Level 5.3(6.9) Axes
 + Level 6.7(7.6) Polearms
 + Level 4.5 Dodging
 + Level 8.3 Stealth
 + Level 10.6 Spellcasting
 + Level 4.0 Conjurations
 + Level 0.2 Charms
 + Level 2.8 Air Magic
 + Level 13.2 Poison Magic


You had 12 spell levels left.
You knew the following spells:

 Your Spells              Type           Power        Failure   Level  Hunger
a - Sting                 Conj/Pois      ####         1%          1    None
b - Mephitic Cloud        Conj/Pois/Air  #####...     1%          3    None
c - Olgreb's Toxic Radia  Pois           ######..     1%          4    None
d - Venom Bolt            Conj/Pois      ######....   4%          5    ####...
e - Alistair's Intoxicat  Tmut/Pois      #####...     10%         5    ####...
f - Repel Missiles        Chrm/Air       ###...       3%          2    None


Dungeon Overview and Level Annotations

Branches:
Dungeon (11/15)            Temple (1/1) D:7             Orc (2/2) D:9
    Elf (0/3) Orc:2
   Lair: D:8-11

Altars:
Ashenzari
Cheibriados
Dithmenos
Elyvilon
Fedhas
Gozag
Hepliaklqana
Kikubaaqudgha
Makhleb
Nemelex Xobeh
Okawaru
Qazlal
Ru
Sif Muna
Trog
Uskayaw
Vehumet
Xom
Yredelemnul
Zin
The Shining One
Beogh

Shops:
D:4 *?(?[

Annotations:
D:8 exclusion: ice statue
Orc:2 Erolcha, Josephine, Rupert


Innate Abilities, Weirdness & Mutations

You cannot wear most types of armour.
You are very stealthy in the water. (Stealth+)
You are amphibious.
You can wear up to eight rings at the same time.
You can use your tentacles to constrict eight enemies at once.
Your skin changes colour to match your surroundings (Stealth+).
Your rubbery body absorbs attacks. (AC +1, EV +1)
Your life essence is reduced. (-10% HP)
Your body sometimes deteriorates upon taking damage.
Your flesh is heat resistant. (rF+)
You are resistant to electric shocks. (rElec)
Potions and wands are less effective at restoring your health.


Message History

Rupert is severely wounded.
You kill the orc!
Titus hits Rupert but does no damage.
Josephine moves out of view.
Rupert roars madly and goes into a rage!
Rupert goes berserk!
Unknown command.
You hit Rupert. Your grab misses Rupert.
Rupert is severely wounded.
Rupert hits you with a great mace of holy wrath!
Titus hits Rupert with a flail!
Unknown command.
You hit Rupert. You grab Rupert.
Rupert is severely wounded.
You constrict Rupert.
Rupert hits you with a great mace of holy wrath!!!
Ouch! That really hurt!
* * * LOW HITPOINT WARNING * * *
Titus hits Rupert with a flail!
Rupert hits you with a great mace of holy wrath!
You die...

*#### **...####***
*,....#.#*,** ### **.......,,,*
###.####.......,,**
####....##$.....#.***
###.#.....#.@......#* ***
##...........@R§.....****,****
#....##..........#..#,,*,,,**,
##..##.#..............,,,,,,,,,
#...#........#.oO##.##,,,,,,,,,
##.##............[#,#,,,,,,,,,,
##.#.............)@.,,,,,**,**,
#....................,,,,,*****
##................o.W.,,,,,* *
#......[........$....,*,,,*


You could see the friendly Titus the knight, Rupert (berserk), Josephine, an orc
knight, Erolcha, a wraith (wandering) and an orc warrior.

Vanquished Creatures
  The ghost of p0werm0de the Fighter, a novice DsSu of Fedhas (D:10)
  An unseen horror (D:11)
  2 orc knights
  A hill giant (D:10)
  Pikel (D:6)
  A centaur skeleton (D:8)
  A gargoyle (D:10)
  4 trolls
  Prince Ribbit (D:9)
  A hippogriff (D:7)
  Sigmund (D:4)
  A wyvern (D:10)
  8 yaks
  A hungry ghost (D:8)
  Duvessa (D:7)
  2 water moccasins (D:9)
  10 orc warriors
  2 ice beasts (D:9)
  3 sky beasts
  7 ogres
  A phantom (D:10)
  6 centaurs
  2 crocodiles
  7 big kobolds
  7 bullfrogs
  Dowan (D:7)
  2 wyvern skeletons (D:10)
  2 scorpions
  16 killer bees
  5 electric eels (D:9)
  4 crimson imps
  2 howler monkeys (D:8)
  A quasit (D:8)
  7 hounds
  A jelly (D:10)
  2 bullfrog zombies
  A gnoll shaman (D:4)
  10 orc priests
  16 orc wizards
  2 bullfrog skeletons (D:9)
  An iron imp (D:8)
  3 iguanas
  8 worker ants
  A killer bee zombie (D:9)
  A hound skeleton (D:5)
  A worker ant zombie (D:10)
  10 gnolls
  23 adders
  6 river rats
  5 shadow imps
  2 ufetubi (D:8)
  4 oozes
  An adder skeleton (D:4)
  An adder zombie (D:10)
  4 worms
  3 dart slugs (D:1)
  5 leopard geckos
  74 orcs
  3 ball pythons (Sewer)
  4 giant cockroaches
  5 goblins
  7 hobgoblins
  5 jackals
  4 kobolds
  2 quokkas (D:9)
  4 bats
  4 frilled lizards
  A jackal zombie (D:7)
  A leopard gecko zombie (D:7)
  A quokka skeleton (D:4)
  18 rats
357 creatures vanquished.

Vanquished Creatures (collateral kills)
  A hill giant (D:10)
  A cyclops (Orc:1)
  A gargoyle (D:11)
  4 trolls
  A two-headed ogre (D:8)
  2 hippogriffs
  5 yaks
  A hungry ghost (D:11)
  3 orc warriors
  An ice beast (D:10)
  2 phantoms (D:9)
  A black bear (D:7)
  An ogre (Orc:1)
  A centaur (D:10)
  2 bullfrogs
  A scorpion (D:9)
  A killer bee (D:8)
  A howler monkey (D:8)
  An electric eel (D:9)
  A bullfrog zombie (D:9)
  A hound (D:11)
  4 orc wizards
  An orc priest (Orc:2)
  An iguana (D:9)
  4 worker ants
  A leopard gecko (D:7)
  4 orcs
48 creatures vanquished.

Vanquished Creatures (others)
  4 knights
  An ancestor (D:7)
  2 plants (D:7)
7 creatures vanquished.

Grand Total: 412 creatures vanquished

Notes
Turn   | Place    | Note
-------+----------+-------------------------------------------
     0 | D:1      | dvd the Octopode Venom Mage began the quest for the Orb.
     0 | D:1      | Reached XP level 1. HP: 11/11 MP: 3/3
   255 | D:1      | Reached skill level 5 in Poison Magic
   367 | D:1      | Reached XP level 2. HP: 17/17 MP: 3/5
   917 | D:1      | Reached XP level 3. HP: 21/21 MP: 3/6
  1516 | D:2      | Learned a level 3 spell: Mephitic Cloud
  1562 | D:2      | Reached skill level 1 in Conjurations
  1562 | D:2      | Reached XP level 4. HP: 26/27 MP: 2/7
  2480 | D:3      | Learned a level 4 spell: Olgreb's Toxic Radiance
  2530 | D:3      | Reached XP level 5. HP: 31/31 MP: 6/9
  2933 | D:4      | Reached skill level 6 in Poison Magic
  2934 | D:4      | Found a glowing drain.
  2962 | Sewer    | Entered a sewer
  2979 | Sewer    | Reached skill level 1 in Polearms
  3189 | Sewer    | Reached XP level 6. HP: 37/37 MP: 0/10
  3316 | Sewer    | Reached skill level 1 in Fighting
  3724 | Sewer    | Reached XP level 7. HP: 38/43 MP: 4/11
  3806 | Sewer    | Reached skill level 7 in Poison Magic
  3876 | D:4      | Noticed Sigmund
  4229 | D:4      | Killed Sigmund
  4229 | D:4      | Reached XP level 8. HP: 50/50 MP: 5/13
  4334 | D:4      | Found Zakhlokudwy's Magic Scroll Shop.
  4338 | D:4      | Found Buriem's Magic Scroll Shoppe.
  4398 | D:4      | Found Qifissi's Armour Boutique.
  4554 | D:4      | Found Zir Zybiz's Assorted Antiques.
  4559 | D:4      | Reached skill level 1 in Air Magic
  4575 | D:4      | Bought a tubular silver ring for 120 gold pieces
  4672 | D:4      | Reached skill level 5 in Stealth
  4709 | D:4      | Found Veuhiet's Weapon Emporium.
  4786 | D:5      | Entered Level 5 of the Dungeon
  4899 | D:5      | Found a hazy altar of Hepliaklqana.
  4905 | D:5      | Became a worshipper of Hepliaklqana the Forgotten
  5185 | D:5      | Reached skill level 1 in Axes
  5376 | D:5      | Reached skill level 8 in Poison Magic
  5716 | D:6      | Found a bloodstained altar of Trog.
  5748 | D:6      | Reached skill level 5 in Spellcasting
  6095 | D:6      | Noticed Pikel
  6110 | D:6      | Killed Pikel
  6110 | D:6      | Reached XP level 9. HP: 47/49 MP: 10/17
  6367 | D:7      | Found an iron altar of Okawaru.
  6422 | D:7      | Noticed a troll
  6430 | D:7      | Killed a troll
  6450 | D:7      | Reached skill level 9 in Poison Magic
  6901 | D:7      | Noticed Dowan
  6902 | D:7      | Noticed Duvessa
  6910 | D:7      | Killed Duvessa
  6910 | D:7      | Killed Dowan
  7204 | D:7      | Found a sacrificial altar of Ru.
  7235 | D:7      | Found a staircase to the Ecumenical Temple.
  7240 | Temple   | Entered the Ecumenical Temple
  7240 | Temple   | Reached * piety under Hepliaklqana
  7565 | D:7      | Reached XP level 10. HP: 37/56 MP: 18/20
  7658 | D:7      | Learned a level 5 spell: Venom Bolt
  7889 | D:7      | Reached skill level 10 in Poison Magic
  8233 | D:8      | Reached skill level 5 in Polearms
  8346 | D:8      | Found a glowing golden altar of the Shining One.
  8720 | D:8      | Noticed an ice statue
  8805 | D:8      | Found a shimmering altar of Xom.
  8805 | D:8      | Found a deep blue altar of Sif Muna.
  8911 | D:8      | Reached ** piety under Hepliaklqana
  8912 | D:8      | Remembered your ancestor Titus as a knight
  9038 | D:8      | Found a snail-covered altar of Cheibriados.
  9316 | D:9      | Noticed Prince Ribbit
  9900 | D:9      | Killed Prince Ribbit
  9900 | D:9      | Reached skill level 11 in Poison Magic
 10689 | D:9      | Reached XP level 11. HP: 36/60 MP: 12/23
 10997 | D:9      | Learned a level 5 spell: Alistair's Intoxication
 11292 | D:9      | Found a roughly hewn altar of Beogh.
 11436 | D:9      | Found a staircase to the Orcish Mines.
 11781 | D:10     | Entered Level 10 of the Dungeon
 12039 | D:10     | Noticed a hill giant
 12053 | D:10     | Killed a hill giant
 12216 | D:10     | Noticed a hill giant
 12224 | D:10     | Killed a hill giant
 12224 | D:10     | Reached skill level 5 in Axes
 12224 | D:10     | Reached skill level 12 in Poison Magic
 12685 | D:10     | Gained mutation: Your magical capacity is low. (-10% MP) [potion of mutation]
 12685 | D:10     | Gained mutation: Potions and wands are less effective at restoring your health. [potion of mutation]
 12685 | D:10     | Gained mutation: You are resistant to electric shocks. (rElec) [potion of mutation]
 12686 | D:10     | Lost mutation: Your magical capacity is low. (-10% MP) [potion of mutation]
 13094 | D:10     | Noticed p0werm0de's ghost (novice DsSu)
 13129 | D:10     | Killed p0werm0de's ghost
 13129 | D:10     | Reached XP level 12. HP: 67/67 MP: 8/25
 13440 | D:11     | Gained mutation: Your body sometimes deteriorates upon taking damage. [mutagenic meat]
 13441 | D:11     | Gained mutation: You are partially covered in slimy green scales. (AC +2) [mutagenic meat]
 13443 | D:11     | Gained mutation: Your flesh is heat resistant. (rF+) [mutagenic meat]
 13445 | D:11     | Lost mutation: You are partially covered in slimy green scales. (AC +2) [mutagenic meat]
 13480 | D:11     | Reached *** piety under Hepliaklqana
 13499 | D:11     | Learned a level 2 spell: Repel Missiles
 13821 | D:11     | Reached skill level 10 in Spellcasting
 14447 | Orc:1    | Entered Level 1 of the Orcish Mines
 14652 | Orc:1    | Reached skill level 13 in Poison Magic
 14897 | Orc:1    | Reached **** piety under Hepliaklqana
 15350 | Orc:2    | Entered Level 2 of the Orcish Mines
 15354 | Orc:2    | Found a flickering gateway to a bazaar.
 15395 | Bazaar   | Entered a bazaar
 15516 | Bazaar   | Found Gitraz's Weapon Boutique.
 15520 | Bazaar   | Found Hamyvyzo's Book Boutique.
 15520 | Bazaar   | Found Giemec's Magic Scroll Boutique.
 15521 | Bazaar   | Found Egyn's General Store.
 15525 | Bazaar   | Bought the ring "Vebeu" {rElec MR+ Int+5} for 495 gold pieces
 15559 | Bazaar   | Bought a scroll of enchant armour for 75 gold pieces
 15559 | Bazaar   | Bought a scroll of enchant armour for 75 gold pieces
 15559 | Bazaar   | Bought a scroll of teleportation for 30 gold pieces
 15559 | Bazaar   | Bought 2 scrolls of identify for 40 gold pieces
 15559 | Bazaar   | Bought a scroll of identify for 20 gold pieces
 15567 | Bazaar   | Bought a scroll of enchant armour for 75 gold pieces
 15788 | Orc:2    | Noticed Rupert
 15795 | Orc:2    | Noticed Erolcha
 15797 | Orc:2    | Noticed Josephine
 15799 | Orc:2    | Mangled by Rupert

Skill      XL: |  1  2  3  4  5  6  7  8  9 10 11 12 |
---------------+-------------------------------------+-----
Poison Magic   | 5 6 7 8 9 11 12 13 | 13.2
Stealth        | 3 4 5 6 8 |  8.3
Conjurations   | 1 2 3 4 |  4.0
Polearms       | 1 2 3 4 5 6 |  6.7
Fighting       | 1 2 3 4 |  4.5
Spellcasting   | 3 5 6 8 9 10 | 10.6
Air Magic      | 1 2 |  2.8
Axes           | 2 3 4 5 |  5.3
Dodging        | 3 4 |  4.5
Short Blades   | |  0.8
Charms         | |  0.2

Action                   |  1- 3 |  4- 6 |  7- 9 | 10-12 || total
-------------------------+-------+-------+-------+-------++-------
Melee: Dagger            |     9 |    12 |       |       ||    21
       Constrict         |     1 |    13 |    26 |    31 ||    71
       Trident           |       |    77 |    52 |   214 ||   343
       Morningstar       |       |     3 |       |       ||     3
       Tentacles         |       |     6 |    14 |    32 ||    52
       War axe           |       |       |    75 |   103 ||   178
 Cast: Sting             |    46 |    47 |    19 |    29 ||   141
       Mephitic Cloud    |       |     5 |    12 |    30 ||    47
       Olgreb's Toxic Ra |       |     7 |    38 |   121 ||   166
       Venom Bolt        |       |       |       |    12 ||    12
       Repel Missiles    |       |       |       |     2 ||     2
Invok: Ancestor Identity |       |       |     2 |       ||     2
       Recall Ancestor   |       |       |       |     6 ||     6
       Ancestor Life: Kn |       |       |       |     1 ||     1
Evoke: Wand              |       |       |       |     1 ||     1
  Use: Potion            |     1 |     2 |     7 |     7 ||    17
       Scroll            |       |       |    12 |    12 ||    24
 Stab: Sleeping          |     2 |     6 |     9 |    10 ||    27
       Distracted        |       |     1 |       |     2 ||     3
       Confused          |       |       |     1 |     6 ||     7
  Eat: Chunk             |     2 |     4 |    18 |    39 ||    63
       Meat ration       |       |     1 |       |     1 ||     2
       Pizza             |       |       |     1 |     1 ||     2
       Royal jelly       |       |       |       |     1 ||     1
Armor: Skin              |     1 |     2 |     5 |    19 ||    27
Dodge: Dodged            |    11 |    44 |    62 |   129 ||   246
       Deflected         |       |       |       |     3 ||     3
